Map: Pillars of Gold LE

Players

soul - Winner!

  • Race: Terran Terran
  • League: Master
  • Spawn Location: 1:00

ShoWTimE

  • Race: Protoss Protoss
  • Spawn Location: 7:00

Event: StayAtHomestory Cup #2

VOD

Have the link to the VOD?

Description

Time

  • Played on: June 11, 2020, 3:30 p.m.
  • Length: 10:47

All games in this series

Show
View Real Time Build Order
Export as new Build Order

soul Terran - Winner!

Build Orders: 1/1/1, Liberator Opening 

Get SALT Encoding   

  12  0:00  SCV  
  13  0:13  SCV  
  14  0:18  Supply Depot  
  14  0:25  SCV  
  15  0:39  SCV  
  15  0:40  Barracks  
  16  0:45  Refinery  
  16  0:51  SCV  
  16  0:55  Refinery  
  17  1:03  SCV  
  18  1:08  Supply Depot  
  18  1:16  SCV  
  19  1:34  Orbital Command, Marine  
  20  1:43  Factory  
  20  1:52  Barracks Reactor  
  20  2:00  SCV  
  21  2:12  SCV  
  22  2:23  Command Center  
  22  2:29  Starport  
  22  2:33  Widow Mine  
  22  2:36  Marine  
  25  2:38  Marine  
  25  2:42  SCV  
  27  2:47  Supply Depot  
  27  2:54  SCV  
  27  2:55  Widow Mine  
  30  3:03  Marine  
  30  3:06  SCV  
  28  3:12  Medivac  
  30  3:16  Widow Mine  
  30  3:18  SCV  
  35  3:24  Marine x2  
  37  3:30  SCV  
  38  3:35  Orbital Command  
  38  3:42  SCV  
  38  3:44  Liberator  
  38  3:46  Marine  
  43  3:48  Factory Tech Lab  
  43  3:54  SCV  
  44  3:59  Supply Depot  
  44  4:00  SCV  
  45  4:06  SCV  
  46  4:12  SCV  
  46  4:14  Siege Tank  
  46  4:17  Marine  
  50  4:19  SCV  
  50  4:24  SCV  
  50  4:30  Starport Tech Lab  
  50  4:31  SCV  
  52  4:32  Bunker  
  52  4:37  SCV  
  53  4:47  SCV  
  53  4:50  Command Center  
  53  4:51  Supply Depot  
  57  4:53  SCV  
  57  4:56  Raven  
  57  4:58  Marine  
  58  5:00  SCV  
  58  5:05  SCV  
  60  5:12  SCV, Barracks  
  60  5:13  Barracks  
  58  5:17  SCV, Marine, Siege Tank  
  63  5:23  Supply Depot  
  63  5:24  SCV  
  64  5:29  SCV  
  64  5:30  Refinery x2  
  64  5:31  Supply Depot  
  63  5:36  SCV  
  63  5:37  Marine  
  63  5:41  SCV  
  66  5:45  Starport Reactor  
  66  5:46  Engineering Bay  
  66  5:48  SCV  
  66  5:49  Engineering Bay  
  67  5:55  SCV  
  68  5:59  Marine x2  
  68  6:00  Factory Reactor  
  68  6:01  Supply Depot  
  68  6:03  Orbital Command  
  70  6:08  SCV  
  70  6:09  SCV  
  70  6:10  Stimpack  
  72  6:16  Terran Infantry Weapons Level 1, Terran Infantry Armor Level 1  
  72  6:20  Marine  
  72  6:21  Marine  
  72  6:22  Missile Turret  
  72  6:23  Marine  
  72  6:25  Combat Shield  
  75  6:28  SCV x2  
  77  6:33  Orbital Command  
  77  6:34  Marauder  
  77  6:38  Marine  
  77  6:39  Marine  
  81  6:40  SCV x2  
  81  6:41  Marauder  
  81  6:46  Medivac x2  
  89  6:53  Widow Mine x2  
  93  6:54  Marine  
  93  6:55  Marine  
  93  6:58  SCV  
  93  6:59  SCV  
  97  7:02  Armory  
  97  7:03  Marauder  
  97  7:04  SCV  
  99  7:13  Marauder, Barracks  
  99  7:14  Barracks  
  101  7:15  Supply Depot  
  101  7:17  Supply Depot  
  101  7:22  Widow Mine x2  
  105  7:23  Medivac  
  105  7:27  SCV x3  
  110  7:34  Marine  
  111  7:38  Supply Depot, Marauder  
  111  7:39  SCV x2  
  111  7:40  SCV, Supply Depot  
  116  7:48  Marauder, Marine  
  119  7:54  Medivac x2  
  119  7:56  Widow Mine x2  
  126  8:00  Marauder  
  126  8:02  Ghost Academy  
  126  8:05  Refinery x2  
  128  8:09  Marauder  
  128  8:10  Barracks Reactor, Barracks Tech Lab  
  128  8:11  SCV x2  
  132  8:19  SCV  
  133  8:21  Marauder  
  133  8:23  SCV x2, Bunker, Marine  
  133  8:24  Medivac, Marine  
  139  8:30  Marine  
  139  8:31  SCV  
  139  8:35  Enhanced Shockwaves  
  137  8:41  Marine x2  
  137  8:44  Ghost  
  137  8:45  Ghost  
  137  8:48  Marine x2  
  145  8:55  Supply Depot  
  145  8:56  Supply Depot  
  145  8:58  SCV  
  145  8:59  SCV  
  147  9:08  SCV, Command Center  
  148  9:11  SCV  
  148  9:16  Ghost x2  
  149  9:20  Supply Depot  
  149  9:21  Supply Depot  
  147  9:26  Ghost  
  147  9:37  SCV  
  148  9:39  Supply Depot, Marine  
  148  9:40  Missile Turret, Marine x2  
  148  9:41  Medivac  
  148  9:44  Widow Mine x2  
  148  9:45  Ghost  
  155  9:47  Marauder, Marine  
  156  9:55  Marine  
  157  10:00  Marine  
  157  10:06  Widow Mine  
  160  10:07  Marine  
  160  10:09  Marauder  
  160  10:11  Fusion Core  
  160  10:13  Marauder  
  156  10:14  Marauder  
  156  10:17  Marine x2  
  156  10:18  Marine  
  159  10:25  Marine  
Show
View Real Time Build Order
Export as new Build Order

ShoWTimE Protoss 

Build Orders: 1 Gate Expand, Blink Stalkers 

Get SALT Encoding   

  12  0:00  Probe  
  13  0:12  Probe  
  14  0:18  Pylon  
  14  0:24  Probe  
  15  0:32  Probe  
  15  0:39  Gateway  
  15  0:40  Probe  
  16  0:47  Assimilator  
  17  0:51  Probe  
  18  1:03  Probe  
  19  1:15  Probe  
  20  1:26  Cybernetics Core  
  20  1:36  Nexus  
  20  1:38  Probe  
  21  1:46  Pylon  
  21  1:50  Probe  
  22  1:54  Assimilator  
  22  1:55  Adept  
  22  2:02  Probe  
  25  2:08  Warp Gate  
  25  2:14  Probe  
  26  2:15  Stalker  
  26  2:26  Probe  
  29  2:35  Twilight Council  
  29  2:38  Probe  
  30  2:44  Probe  
  30  2:47  Stalker  
  30  2:50  Probe  
  34  2:52  Probe  
  34  2:54  Blink  
  35  3:02  Probe  
  35  3:03  Probe  
  37  3:12  Gateway  
  37  3:14  Probe  
  37  3:15  Probe  
  37  3:26  Probe  
  38  3:27  Probe  
  38  3:33  Robotics Facility  
  39  3:39  Probe x2  
  39  3:40  Pylon  
  41  3:51  Probe x2  
  43  3:56  Sentry  
  43  3:59  Nexus  
  45  4:03  Probe x2  
  45  4:06  Pylon, Phoenix  
  47  4:11  Stalker  
  47  4:15  Probe x2  
  46  4:27  Probe x2  
  46  4:30  Pylon  
  48  4:38  Assimilator, Observer  
  49  4:39  Probe, Stalker  
  49  4:41  Probe  
  53  4:45  Pylon  
  53  4:51  Probe  
  54  4:53  Probe, Stalker  
  57  5:03  Probe  
  57  5:04  Stalker  
  57  5:05  Probe  
  59  5:12  Probe  
  59  5:13  Probe  
  59  5:15  Probe  
  59  5:16  Forge  
  59  5:20  Probe  
  59  5:21  Probe  
  62  5:25  Forge  
  62  5:26  Probe  
  65  5:30  Probe  
  65  5:31  Probe  
  65  5:34  Probe  
  66  5:37  Stalker  
  66  5:39  Observer  
  66  5:40  Protoss Ground Weapons Level 1  
  66  5:42  Probe  
  71  5:43  Probe x2  
  71  5:45  Charge  
  73  5:50  Protoss Ground Armor Level 1  
  73  5:54  Probe x2  
  73  5:55  Probe, Gateway  
  73  5:56  Phoenix  
  76  6:04  Gateway  
  76  6:05  Probe  
  76  6:06  Probe  
  76  6:08  Probe  
  79  6:11  Assimilator  
  79  6:13  Probe  
  79  6:14  Gateway  
  79  6:18  Probe, Assimilator  
  81  6:20  Probe, Assimilator  
  81  6:21  Probe  
  81  6:23  Observer  
  81  6:24  Gateway  
  83  6:29  Pylon  
  83  6:30  Probe  
  83  6:32  Probe x2  
  86  6:34  Templar Archives  
  86  6:42  Probe  
  86  6:43  Stalker, Zealot  
  86  6:45  Probe  
  91  6:52  Probe  
  92  6:59  Pylon, Gateway  
  92  7:01  Psionic Storm  
  88  7:02  Gateway, Photon Cannon  
  86  7:11  Warp Prism  
  86  7:12  High Templar  
  88  7:18  Zealot x2  
  88  7:22  Observer  
  94  7:25  Stalker x2  
  94  7:28  Probe x2  
  100  7:36  High Templar  
  102  7:39  Pylon  
  102  7:44  Immortal  
  102  7:46  High Templar  
  102  7:48  Observer  
  102  7:49  Shield Battery  
  102  7:50  Pylon  
  108  7:51  Pylon  
  108  7:54  Probe  
  102  7:58  Probe  
  102  7:59  Probe  
  102  8:02  Probe  
  102  8:03  High Templar x2  
  102  8:05  Zealot x3  
  114  8:10  Probe  
  114  8:11  Probe  
  114  8:12  Probe  
  115  8:15  Photon Cannon  
  116  8:22  Probe  
  116  8:23  Probe  
  118  8:28  Probe  
  119  8:35  Probe  
  120  8:43  Zealot  
  120  8:44  Zealot x5  
  132  8:51  Pylon, Photon Cannon  
  132  9:07  Pylon  
  132  9:09  Immortal  
  133  9:10  Zealot x5  
  127  9:31  Pylon  
  127  9:33  Pylon x2  
  127  9:37  Observer  
  125  9:42  Nexus  
  124  9:51  Pylon  
  124  9:52  High Templar  
  124  9:53  Pylon, High Templar x3  
  124  9:55  Pylon  
  124  9:56  Observer  
  124  9:57  Archon x2  
  132  10:03  Assimilator  
  132  10:07  Zealot  
  132  10:10  Pylon  
  134  10:19  Zealot x3  
  133  10:31  Pylon  
  133  10:36  Pylon  
Tags
 
Add a new tag
Caveats
  • Supply blocks, unpowered buildings, or Contaminate may cause inaccurate times.
  • Supply counts are checked every 10 seconds.